 Seeded DCSS version 0.28-a0-1159-g27aa881441 (webtiles) character file.

Game seed: 3047507878316767220 (custom seed)

13 croobank the Cutter (level 2, -1/24 HPs)
             Began as a Vampire Cinder Acolyte on Dec 15, 2021.
             Was a High Priest of Ignis.
             Slain by a quokka (5 damage)
             ... on level 1 of the Dungeon on Dec 16, 2021.
             The game lasted 00:02:34 (390 turns).

croobank the Cutter (Vampire Cinder Acolyte)         Turns: 390, Time: 00:02:34

Health: -1/24      AC:  0    Str: 13    XL:     2   Next: 24%
Magic:  2/3        EV: 11    Int: 16    God:    Ignis [*****.]
Gold:   10         SH:  0    Dex:  9    Spells: 1/3 levels left

rFire   + . .      SeeInvis +   a - -1 short sword (flame)
rCold   . . .      Faith    .   (no shield)
rNeg    . . .      Spirit   .   (no armour)
rPois   .          Reflect  .   (no helmet)
rElec   .          Harm     .   (no cloak)
rCorr   .          Rampage  .   (no gloves)
Will    .....                   (no boots)
Stlth   +.........              (no amulet)
HPRegen 0.28/turn               (no ring)
MPRegen 0.08/turn               (no ring)

@: healing quickly
A: alive, fangs 3, see invisible, vampiric 1
a: Exsanguinate, Renounce Religion, Fiery Armour, Foxfire Swarm, Rising Flame


You were on level 1 of the Dungeon.
You worshipped Ignis.
Ignis was extremely pleased with you.
You visited 1 branch of the dungeon, and saw 1 of its levels.

You collected 10 gold pieces.

Inventory:

Hand Weapons
 a - a -1 short sword of flaming (weapon)
Armour
 b - a +0 robe
 d - a +0 ring mail
 e - +0 steam dragon scales
Scrolls
 c - a scroll of vulnerability {unknown}


   Skills:
 + Level 3.0 Fighting
 + Level 3.3 Short Blades
 + Level 0.4 Dodging
 + Level 1.0 Spellcasting
 + Level 2.7 Fire Magic


You had one spell level left.
You knew the following spells:

 Your Spells              Type           Power      Damage    Failure   Level
a - Scorch                Fire           18%        2d6       12%         2

Your spell library contained the following spells:

 Spells                   Type           Power      Damage    Failure   Level


Dungeon Overview and Level Annotations

Branches:
Dungeon (1/15)

Altars:


Innate Abilities, Weirdness & Mutations

Your natural rate of healing is accelerated.
You have razor-sharp teeth.
You have supernaturally acute eyesight. (SInv)
You are afflicted with vampirism.


Message History

You kill the bat!
Found steam dragon scales.
There is a stone staircase leading down here.
A bat comes into view.
The bat closely misses you.
You miss the bat. The bat hits you but does no damage.
You closely miss the bat. The bat closely misses you.
Found 12 gold pieces.
The bat hits you but does no damage.
You see here +0 steam dragon scales.
You closely miss the bat. The bat closely misses you.
The bat barely misses you.
Casting: Scorch (quite dangerous; 26% risk of failure)
Confirm with . or Enter, or press ? or * to list all spells.
The spell is quite dangerous to miscast (26% risk of failure)!
Continue anyway?
Flames lash the bat.
You kill the bat!
You hear a shout!
Your Fighting skill increases to level 3!
Keep disrobing?
You start removing your armour.
You continue taking off your +0 ring mail. x4
You finish taking off your +0 ring mail.
Casting: Scorch (safe; 12% risk of failure)
Confirm with . or Enter, or press ? or * to list all spells.
You don't have enough magic to cast this spell.
You closely miss the quokka. The quokka bites you.
You closely miss the quokka. The quokka bites you.
You hit the quokka. You burn the quokka.
The quokka is moderately wounded.
The goblin hits you with a +0 club. The quokka bites you.
Casting: Scorch (safe; 12% risk of failure)
Confirm with . or Enter, or press ? or * to list all spells.
You don't have enough magic to cast this spell.
You barely miss the quokka.
The quokka is moderately wounded.
The quokka bites you. The goblin hits you with a +0 club.
The goblin hits you with a +0 club.
* * * LOW HITPOINT WARNING * * *
The quokka bites you.
You die...

#.........# #.........#
#.........# #####
#.........# ###...#
####.....## ......# #.###.#
≈≈#+..# #.# #.#
...#..######.###.#
...≈............@###########
⌠..≈..#......##..r..........
...≈..#.#.#####..g..........
...#..#.#.# #.............
≈≈###.#.#.# #.............
....#.#.#.# #.............
....#.#.... #.............
....#.###.# #.......?.....
....#.# #.. #.............


You could see a quokka and a goblin.

Vanquished Creatures
  5 bats (D:1)
  A goblin (D:1)
  A hobgoblin (D:1)
  2 quokkas (D:1)
  3 frilled lizards (D:1)
12 creatures vanquished.

Notes
Turn   | Place    | Note
-------+----------+-------------------------------------------
     0 | D:1      | croobank the Vampire Cinder Acolyte began the quest for the
                  | Orb.
     0 | D:1      | Reached XP level 1. HP: 17/17 MP: 2/2
   119 | D:1      | Reached XP level 2. HP: 12/23 MP: 3/3
   171 | D:1      | Learned a level 2 spell: Scorch
   390 | D:1      | Slain by a quokka

Illustrated notes

Levels and vault maps discovered:
D:1:      dpeg_arrival_rooms_with_view, layout_basic, serial_shops, shop

Skill      XL: |  1  2 |
---------------+-------+-----
Fighting       | 3 |  3.0
Short Blades   | |  3.3
Dodging        | |  0.4
Spellcasting   | |  1.0
Fire Magic     | |  2.7

Action                   || total
-------------------------++-------
Melee: Short sword       ||    34
       Bite              ||     2
 Cast: Scorch            ||     4
Armor: Robe              ||    10
       Ring mail         ||     2
Dodge: Dodged            ||    32

Table legend: (Time is in decaauts)
 A = Elapsed time spent in this place.
 B = Non-inter-level travel time spent in this place.
 C = Inter-level travel time spent in this place.
 D = Time resting spent in this place.
 E = Time spent auto-exploring this place.
 F = Levels seen in this place.
 G = Mean time per level.
                   A        B        C        D        E       F      G
               +--------+--------+--------+--------+--------+-----+--------+
         Total |    388 |    388 |      0 |     35 |    241 |   1 |  388.0 |
       Dungeon |    388 |    388 |      0 |     35 |    241 |   1 |  388.0 |
               +--------+--------+--------+--------+--------+-----+--------+

Top non-repeatable levels by time:
     D:1: 388 daAuts
